Rage, chaotic female orcish Wizard ------------- ------------ |...........-# ------ ...........| |...........|# |....| |..@f{.....- |...........|# |.{..| ....&......| -------.-----# #####-....| --|--------- # # --.--- # ### # # # # # ### # ### # # ### ) # ## #### ## # --.------ ----.---------- -.-|- # |.......| |.............| |...| ######## #........| |.............| |...| --------# ###|.......| |..............####-...| |......|# #########........| |.............| |...| ..<.....######### |.......| --------------- |...| |...{..| --------- |...| -------- ----- Rage the Evoker Experience level: 1 Strength: 9 Dexterity: 18 Constitution: 14 Intelligence: 16 Wisdom: 9 Charisma: 11 Health: 0(11) Energy: 2(7) Def: 4 Gold: 262 Moves: 1024 Dungeon seed: LITtnxecTR9cm4yI Game ID: Rage_1481730815 Your Inventory: Coins $ - 262 gold pieces Weapons a - a blessed +1 quarterstaff (weapon in hands) Armor e - an uncursed +0 cloak of magic resistance (being worn) q - an uncursed +0 studded leather armor (being worn) Comestibles s - an uncursed cream pie u - an uncursed egg Scrolls i - an uncursed scroll of identify j - an uncursed scroll of enchant armor Spellbooks k - a blessed spellbook of force bolt l - an uncursed spellbook of create monster o - an uncursed spellbook of dig Potions f - an uncursed potion of gain energy g - an uncursed potion of sleeping h - an uncursed potion of restore ability r - a blessed potion of levitation v - an uncursed potion of levitation w - a cursed diluted potion of levitation Rings c - an uncursed ring of slow digestion (on left hand) d - an uncursed +1 ring of adornment (on right hand) p - a cursed ring of aggravate monster Wands b - a blessed wand of striking (0:3) n - a wand of lightning (0:5) Tools m - a magic marker (0:45) t - an uncursed blindfold Spells and supernatural/magical abilities: Name Level Category Fail Memory a - force bolt 1 attack 0% 95% O - create monster 2 clerical 76% 95% W - pray for help -- divine ? -- Your skills at the end: Fighting Skills Weapon Skills quarterstaff [Basic] Spellcasting Skills attack spells [Basic] enchantment spells [Basic] Final Attributes: You were piously aligned. You were poison resistant. You were magic-protected. You had infravision. You were adorned. You had slower digestion. You were lucky. You are dead. Vanquished creatures: a hobbit a yellow mold a gecko 5 jackals a fox 2 grid bugs 4 newts 15 creatures vanquished. Voluntary challenges: You went without food. You were an atheist. You used a wielded weapon 3 times, starting on turn 14. You read items or engraved 3 times, starting on turn 185. You never genocided any monsters. You never polymorphed an object. You never changed form. You used no wishes. You never split a pudding. You never wrote Elbereth's name. You never violated your personal moral code. Dungeon overview: The Dungeons of Doom: levels 1 to 3 Level 1 some fountains a long staircase Level 2 some fountains a long staircase Level 3 <- You were here some fountains History has recorded: On T:1 you entered the Dungeons of Doom to retrieve the Amulet of Yendor! On T:333 you reached level 2 of The Dungeons of Doom. On T:731 you reached level 3 of The Dungeons of Doom. Score breakdown: Gold: 262 ( 8231 points) Experience: 1 level ( 0 points) Exploration: 3 levels ( 6.12%) ( 6123 points) Discoveries: 3 items ( 1.08%) ( 3122 points) Valuables value: (no points given unless you survive) Artifact value: 0 ( 0 points) Variety of kills: 7 monsters ( 1.84%) ( 4066 points) Turncount: 1024 turns ( 0 points) Survival: died (score multiplied by 80%) Total score: 17233 Latest messages: The spell hits the jackal! You kill the jackal! You unleash a water demon! The water demon hits! (2x) The water demon bites! Never mind. Please move the cursor to an unknown object. A water demon [seen: normal vision, infravision] on the floor of a room. Pick an object. A water demon [seen: normal vision, infravision] on the floor of a room. Done. The wand hits the water demon! The water demon hits! (2x) You die... Final status: Goodbye Rage the Wizard, killed by a water demon... You died in The Dungeons of Doom on dungeon level 3 with 17233 points, and 262 pieces of gold, after 1024 moves. You were level 1 with a maximum of 11 hit points when you died.